 Dungeon Crawl Stone Soup version 0.28.0 (webtiles) character file.

Game seed: 5633120290737126212

100 pkoi the Charlatan (level 4, -2/35 HPs)
             Began as a Draconian Artificer on Feb 11, 2022.
             Slain by an orc wizard (4 damage)
             ... on level 2 of the Dungeon.
             The game lasted 00:03:13 (3023 turns).

pkoi the Charlatan (Draconian Artificer)            Turns: 3023, Time: 00:03:14

Health: -2/35      AC:  5    Str: 14    XL:     4   Next: 47%
Magic:  5/5        EV: 12    Int: 13    God:
Gold:   55         SH:  0    Dex: 12    Spells: 3/4 levels left

rFire   . . .      SeeInvis .   a - +0 club (spect)
rCold   . . .      Faith    .   (no shield)
rNeg    . . .      Spirit   .   (armour unavailable)
rPois   .          Reflect  .   (helmet restricted)
rElec   .          Harm     .   (no cloak)
rCorr   .          Rampage  .   (no gloves)
Will    .....                   (no boots)
Stlth   +.........              (no amulet)
HPRegen 0.11/turn               (no ring)
MPRegen 0.09/turn               (no ring)

@: no status effects
A: AC +5, unfitting armour, cold-blooded
a: no special abilities


You were on level 2 of the Dungeon.
You visited 1 branch of the dungeon, and saw 3 of its levels.

You collected 55 gold pieces.

Inventory:

Hand Weapons
 a - a +0 spectral club (weapon)
Wands
 b - a wand of flame (14)
 c - a wand of charming (11)
Scrolls
 h - 3 scrolls of identify
 i - 2 scrolls of teleportation
Potions
 e - a potion of mutation {unknown}
 f - 2 potions of curing {unknown}
 g - a potion of heal wounds
 j - a potion of invisibility {unknown}
Miscellaneous
 d - a piece from Xom's chessboard (14/15)


   Skills:
 - Level 1.1 Fighting
 - Level 2.1 Dodging
 - Level 0.8 Stealth
 + Level 2.5 Unarmed Combat
 + Level 0.9 Spellcasting
 + Level 0.9 Transmutations
 + Level 4.1 Evocations


You had 3 spell levels left.
You knew the following spells:

 Your Spells              Type           Power      Damage    Failure   Level
a - Beastly Appendage     Tmut           6%         N/A       19%         1

Your spell library contained the following spells:

 Spells                   Type           Power      Damage    Failure   Level
 Wereblood                Tmut           3%         N/A       28%         2
 Spider Form              Tmut/Pois      1%         N/A       56%         3


Dungeon Overview and Level Annotations

Branches:
Dungeon (3/15)

Altars:

Shops:
D:2 (


Innate Abilities, Weirdness & Mutations

Your plain brown scales are hard. (AC +5)
You cannot fit into any form of body armour.
You are cold-blooded and may be slowed by cold attacks.


Message History

You feel less confused. The orc barely misses you. Something barely misses you.
Unknown command.
You hit the orc.
The orc is moderately wounded.
Your +0 spectral club hits the orc.
The orc barely misses you.
The orc closely misses your +0 spectral club.
Something hits you but does no damage. The orc hits you with a +0 war axe!
* * * LOW HITPOINT WARNING * * *
The orc hits your +0 spectral club but does no damage.
Something hits you.
* * * LOW HITPOINT WARNING * * *
You barely miss the orc.
Your tail-slap misses the orc.
The orc is severely wounded.
Your +0 spectral club hits the orc.
You kill the orc!
Something hits you.
* * * LOW HITPOINT WARNING * * *
Unknown command.
You hit something but do no damage.
Your +0 spectral club hits something!
Something hits you.
* * * LOW HITPOINT WARNING * * *
You hit something but do no damage.
Your tail-slap misses something.
Your +0 spectral club barely misses something.
You hear some strange, mumbled words.
A magic dart appears from out of thin air!
The magic dart hits you.
* * * LOW HITPOINT WARNING * * *
Unknown command.
You miss something.
Your +0 spectral club barely misses something.
You hear some strange, mumbled words.
A magic dart appears from out of thin air!
The magic dart hits you.
* * * LOW HITPOINT WARNING * * *
Something hits you but does no damage.
You can't see anything.
Try to make a move anyway?
You make a move on Xom's chessboard...
Nothing appears to happen.
Something hits you.
You die...

#.# #..# ###..##...###..#####..#
..# #..# #...###.#.####.........
.####..####.### #.#........#....(
.# #.....##.# #.####..........#
.# #.###.##.#####.###............
####..................##........#
.....####...#####.#...##........#
.....# ###....|##.#.####........#
.....# #....##..@.#.# #........#
.....# #.######){##.####.........
.....###.# #.§...#...∩....<...
#######..# #.#.#...##........# #
#...## ####...#.####..####### ##
##..## #.....##.# #..## #. .#
#†.## ###.##.....# #.## ##.
.###.## ##...#..#..####.# ###..
..#..# ##..###.##..###..# ##...#


There were no monsters in sight!

Vanquished Creatures
  4 adders (D:2)
  2 worms (D:2)
  3 dart slugs
  An orc (D:2)
  4 ball pythons
  6 endoplasms
  2 giant cockroaches (D:2)
  3 goblins
  4 hobgoblins
  2 jackals (D:1)
  4 kobolds
  2 quokkas
  4 bats
  2 frilled lizards
  5 rats
48 creatures vanquished.

Vanquished Creatures (collateral kills)
  A goblin (D:1)
  A jackal (D:1)
2 creatures vanquished.

Vanquished Creatures (others)
  2 jackals (D:1)
  A quokka (D:1)
3 creatures vanquished.

Grand Total: 53 creatures vanquished

Notes
Turn   | Place    | Note
-------+----------+-------------------------------------------
     0 | D:1      | pkoi the Draconian Artificer began the quest for the Orb.
     0 | D:1      | Reached XP level 1. HP: 16/16 MP: 1/1
   409 | D:1      | Reached skill level 1 in Unarmed Combat
   424 | D:1      | Reached XP level 2. HP: 22/23 MP: 2/2
   493 | D:1      | Found a faded altar of an unknown god.
   838 | D:1      | HP: 1/23 [quokka (4)]
  1703 | D:1      | Reached XP level 3. HP: 28/28 MP: 3/3
  2037 | D:2      | Learned a level 1 spell: Beastly Appendage
  2064 | D:2      | Found Oxogael's Weapon Boutique.
  2513 | D:2      | Reached XP level 4. HP: 34/35 MP: 4/4
  2534 | D:2      | Reached skill level 4 in Evocations
  3023 | D:2      | Slain by an orc wizard

Illustrated notes

Levels and vault maps discovered:
D:1:      lemuel_arrival_funnel, layout_loops_ring,
          ebering_ecumenical_altar_sacrificial, minmay_misc_feat_roman,
          minmay_tall_x
D:2:      layout_rooms, serial_shops, shop, eino_curves_03
D:3:      layout_rooms

Skill      XL: |  1  2  3  4 |
---------------+-------------+-----
Unarmed Combat | 1 2 |  2.5
Evocations     | 4 |  4.1
Fighting       | |  1.1
Dodging        | |  2.1
Stealth        | |  0.8
Spellcasting   | |  0.9
Transmutations | |  0.9

Action                   |  1- 3 |  4- 6 || total
-------------------------+-------+-------++-------
Melee: Club              |   140 |    32 ||   172
       Tailslap          |    15 |     2 ||    17
       Punch             |     3 |       ||     3
Evoke: Wand              |     5 |       ||     5
       Piece from Xom's  |     2 |     1 ||     3
  Use: Scroll            |     1 |     2 ||     3
 Stab: Sleeping          |     3 |       ||     3
Armor: Skin              |    62 |    26 ||    88
Dodge: Dodged            |   134 |    35 ||   169
